 Dungeon Crawl Stone Soup version 0.31.0-32-g396128a36d (webtiles) character file.

Game seed: 2048642037999013760

30662 sking99 the Grappler (level 13, -3/119 HPs)
             Began as a Grey Draconian Shapeshifter on Mar 10, 2024.
             Was an Initiate of Gozag.
             Slain by Rupert
             ... wielding a +5 great mace of protection
              (25 damage)
             ... on level 4 of the Lair of Beasts.
             The game lasted 00:31:00 (17203 turns).

sking99 the Grappler (Grey Draconian Shapeshifter) Turns: 17203, Time: 00:31:02

Health: -3/119     AC: 18    Str: 21    XL:     13   Next: 21%
Magic:  13/13      EV: 19    Int: 10    God:    Gozag
Gold:   2814       SH:  5    Dex: 18    Spells: 12/12 levels left

rFire   . .          .
                       - Unarmed
rCold   . . .        (shield currently unavailable)
rNeg    . . .        (body armour unavailable)
rPois   .            n - +2 hat
rElec   .            k - +0 cloak
rCorr   +            (no gloves)
SInv    .            w - +1 pair of boots
Will    .....        j - amulet of reflection
Stlth   +            m - +6 ring of dexterity
HPRegen 0.39/turn    F - ring of resist corrosion
MPRegen 0.13/turn

%: reflection
@: mighty, brilliant, flux-form, glowing
A: glow, contaminating, AC +13, amphibious, unfitting armour, cold-blooded
a: Begin Untransformation, Renounce Religion, Potion Petition, Call Merchant,
Bribe Branch


You were on level 4 of the Lair of Beasts.
You worshipped Gozag.
Gozag was most pleased with you.
You were something dangerously unstable.
You visited 3 branches of the dungeon, and saw 16 of its levels.

You collected 3472 gold pieces.
You paid 658 gold pieces to Gozag.

Inventory:

Missiles
 f - 8 poisoned darts (quivered)
 D - a throwing net
Armour
 k - a +0 cloak (worn)
 n - a +2 hat (worn)
 w - a +1 pair of boots (worn)
Jewellery
 j - an amulet of reflection (around neck)
 m - a +6 ring of dexterity (left hand)
 s - a ring of see invisible
 z - a ring of ice
 F - a ring of resist corrosion (right hand)
 H - a ring of ice
 K - a ring of wizardry
Talismans
 b - a beast talisman
 c - a flux talisman (active)
Wands
 i - a wand of charming (20)
 l - a wand of acid (9)
 x - a wand of polymorph (5)
 y - a wand of iceblast (17)
 A - a wand of flame (9)
Scrolls
 d - 3 scrolls of blinking
 p - 3 scrolls of identify
 r - 2 scrolls of teleportation
 t - 2 scrolls of vulnerability
 u - a scroll of enchant weapon
 C - a scroll of fear {unknown}
 G - a scroll of enchant armour {unknown}
 I - a scroll of silence {unknown}
Potions
 a - a potion of lignification
 e - 4 potions of brilliance
 g - 2 potions of attraction
 h - a potion of haste
 o - 3 potions of ambrosia
 q - 6 potions of curing
 v - 5 potions of heal wounds
 B - a potion of magic
 E - a potion of mutation
Miscellaneous
 J - a phantom mirror


   Skills:
 + Level 12.7 Fighting
 + Level 6.2 Dodging
 + Level 13.7 Unarmed Combat
 + Level 9.5 Evocations
 - Level 8.6 Shapeshifting


You had 12 spell levels left.
You didn't know any spells.
Your spell library contained the following spells:

 Spells                   Type           Power      Damage    Failure   Level
 Call Canine Familiar     Summ           0%         N/A       75%         3
 Sigil of Binding         Hex            0%         N/A       75%         3
 Dimensional Bullseye     Hex/Tloc       0%         N/A       98%         4
 Passage of Golubria      Tloc           0%         N/A       98%         4
 Metabolic Englaciation   Hex/Ice        0%         N/A       100%        5
 Silence                  Hex/Air        0%         N/A       100%        5
 Bombard                  Conj/Erth      0%         9d1       100%        6
 Ozocubu's Refrigeration  Ice            0%         4d7       100%        7
 Lehudib's Crystal Spear  Conj/Erth      0%         10d2      100%        8


Dungeon Overview and Level Annotations

Branches:
Dungeon (11/15)            Temple (1/1) D:7            Lair (4/5) D:10
  Swamp (0/4) Lair:2        Snake (0/4) Lair:2          Orc (0/2) D:9
  Slime: Lair:4-5

Altars:
Ashenzari
Cheibriados
Dithmenos
Elyvilon
Fedhas
Gozag
Hepliaklqana
Kikubaaqudgha
Makhleb
Nemelex Xobeh
Okawaru
Qazlal
Ru
Sif Muna
Trog
Uskayaw
Vehumet
Wu Jian
Xom
Yredelemnul
Zin
The Shining One

Shops:
D:1 (   D:4 =   D:8 :

Annotations:
D:6 exclusion: oklob plant
D:8 1 runed translucent door, VAZYLA's ghost, novice SpBr
Lair:4 Rupert


Innate Abilities, Weirdness & Mutations

You are something dangerously unstable.
You glow with magical radiation, making you easy to see and hit.
Foes you strike become dangerously contaminated with magical radiation.
You are incapable of wielding weapons or throwing items.
Your dull iron-grey scales are very hard. (AC +13)
You are amphibious.
You cannot fit into any form of body armour.
You are cold-blooded and may be slowed by cold attacks.


Message History

Rupert hits you with a +5 great mace of protection!
Rupert barely misses you.
You punch Rupert!
Rupert glows dangerously bright.
Your tail-slap misses Rupert.
Rupert is severely wounded.
You block Rupert's attack.
You hit Rupert.
Rupert shudders as magic cascades through him!
Rupert twists and deforms.
You tail-slap Rupert.
Rupert is severely wounded.
Rupert hits you with a +5 great mace of protection!!
* * * LOW HITPOINT WARNING * * *
The cane toad stings you!
* * * LOW HITPOINT WARNING * * *
You are poisoned.
The cane toad poisons you!
You hear a bleat! [a] - 396 gold - haste, heal wounds and curing [b] - 576 gold - might, brilliance, heal wounds, curing and magic [c] - 414 gold - resistance and invisibility Purchase which effect?
You no longer have enough gold to bribe branches to halt enemies' attacks and recruit allies.
You feel very mighty all of a sudden.
You feel clever all of a sudden.
You feel much better.
You feel better. Magic courses through your body. Rupert completely misses you.
The cane toad closely misses you.
You pummel Rupert!!
Rupert begins to glow.
Rupert is severely wounded.
Rupert is no longer covered in acid.
You block Rupert's attack.
A dream sheep comes into view.
The cane toad stings you but does no damage.
Rupert hits you with a +5 great mace of protection!!
* * * LOW HITPOINT WARNING * * *
You punch Rupert!
Rupert glows dangerously bright.
Rupert is almost dead.
A water moccasin comes into view.
The cane toad stings you but does no damage.
Rupert hits you with a +5 great mace of protection!!
You die...
Rupert roars with triumph.
Your body crumbles into a pile of gold.

........# .......##
...#.PP# #@.....#..
##. #......... #..
#....## #... #.....#
#....######....##P
##..<#.p##.........
#......F@...........
#.............S.....
#.......<...........
###P....##..........
##...##.........P.
#.... ....Y.....
#.... .....>...
#.... .......


You could see Rupert (berserk, heavy contam, misshapen), a cane toad, a water
moccasin (wandering) and a dream sheep.

Vanquished Creatures
  Gastronok (Lair:3)
  Fannar (Lair:3)
  A hydra (Lair:3)
  An alligator (Lair:2)
  Urug (Lair:3)
  A skyshark (Lair:3)
  A manticore (D:8)
  2 cyclopes
  3 black mambas (Lair:2)
  8 cane toads
  2 rime drakes
  8 komodo dragons
  6 polar bears (Lair:1)
  A troll (D:10)
  Grinder (D:4)
  A hornet (Lair:1)
  3 blink frogs (Lair:1)
  3 wraiths
  A spriggan (D:10)
  2 basilisks (Lair:1)
  4 wyverns
  57 yaks
  3 steam dragons
  2 acid dragons (D:9)
  14 water moccasins
  Duvessa (D:7)
  3 orc warriors
  11 black bears
  An ice beast (D:7)
  4 wolves
  4 centaurs
  2 phantoms (D:4)
  4 gnoll sergeants
  10 bullfrogs
  6 scorpions
  5 wights (D:6)
  Dowan (D:7)
  6 killer bees (D:9)
  An electric eel (Lair:1)
  2 howler monkeys (D:9)
  2 jellies
  5 hounds
  9 orc priests
  2 iguanas
  4 sleepcaps
  A gnoll bouda (D:7)
  16 orc wizards
  21 gnolls
  12 adders
  2 white imps
  2 ribbon worms
  5 dart slugs
  40 orcs
  8 ball pythons
  8 endoplasms
  4 giant cockroaches
  4 goblins
  9 hobgoblins
  3 jackals (D:1)
  3 quokkas
  11 bats
  2 frilled lizards
  11 kobolds
  6 rats
379 creatures vanquished.

Vanquished Creatures (others)
  A bombardier beetle (D:7)
  A kobold (D:3)
2 creatures vanquished.

Grand Total: 381 creatures vanquished

Notes
Turn   | Place    | Note
-------+----------+-------------------------------------------
     0 | D:1      | sking99 the Draconian Shapeshifter began the quest for the
                  | Orb.
     0 | D:1      | Reached XP level 1. HP: 16/16 MP: 1/1
   188 | D:1      | Reached XP level 2. HP: 23/23 MP: 2/2
   427 | D:1      | HP: 1/24 [hobgoblin (1)]
   428 | D:1      | Reached XP level 3. HP: 2/29 MP: 3/3
   684 | D:1      | Found Efaqo's Weapon Shop.
   808 | D:2      | Reached skill level 4 in Unarmed Combat
   917 | D:2      | Got the Almanac of Snowy Wounds
  1325 | D:2      | Reached XP level 4. HP: 36/37 MP: 4/4
  1652 | D:3      | Identified the +9 hand axe of the Doomed Warrior {heavy,
                  | rCorr Str+5 Int-5}
  1670 | D:3      | Identified the +6 flail of Mastery {drain, rF++ Int+3}
  2600 | D:4      | Noticed a centaur
  2608 | D:4      | Killed a centaur
  2609 | D:4      | Reached skill level 5 in Unarmed Combat
  2609 | D:4      | Reached XP level 5. HP: 33/45 MP: 5/5
  2703 | D:4      | Reached XP level 6. HP: 48/51 MP: 6/6
  2759 | D:4      | Found Dopsesapt's Jewellery Boutique.
  2907 | D:4      | Reached skill level 6 in Unarmed Combat
  2949 | D:4      | Your scales start taking on a dull iron-grey colour.
  2949 | D:4      | Reached XP level 7. HP: 57/59 MP: 7/7
  3746 | D:5      | Entered Level 5 of the Dungeon
  3819 | D:5      | Noticed Grinder
  3822 | D:5      | Paralysed by Grinder for 5 turns
  3848 | D:4      | Killed Grinder
  3849 | D:4      | Reached skill level 7 in Unarmed Combat
  3860 | D:5      | Reached skill level 5 in Fighting
  3862 | D:5      | Found a shimmering blue altar of Sif Muna.
  4000 | D:5      | Reached XP level 8. HP: 64/68 MP: 8/8
  4017 | D:5      | Found an opulent altar of Gozag.
  4018 | D:5      | Found a sparkling altar of Nemelex Xobeh.
  4039 | D:5      | Became a worshipper of Gozag Ym Sagoz the Greedy
  4091 | D:5      | Found a bloodstained altar of Trog.
  4239 | D:5      | Reached skill level 5 in Shapeshifting
  4353 | D:5      | Reached skill level 8 in Unarmed Combat
  4833 | D:5      | Found a glowing golden altar of the Shining One.
  5403 | D:6      | Reached skill level 9 in Unarmed Combat
  5516 | D:6      | Identified the +3 whip of Cuci Wig {freeze, ^Fragile rElec
                  | rF++ rN+}
  5568 | D:6      | Reached XP level 9. HP: 78/78 MP: 9/9
  5666 | D:6      | Found a blossoming altar of Fedhas.
  5689 | D:6      | Noticed an oklob plant
  6289 | D:7      | Noticed Dowan
  6291 | D:7      | Noticed Duvessa
  6326 | D:7      | Killed Duvessa
  6329 | D:7      | Killed Dowan
  6906 | D:7      | Found a shadowy altar of Dithmenos.
  7162 | D:7      | Reached skill level 10 in Unarmed Combat
  7260 | D:7      | Found a staircase to the Ecumenical Temple.
  7356 | Temple   | Entered the Ecumenical Temple
  7523 | D:8      | Found Beddurio's Tiny Tomes.
  7679 | D:8      | Noticed a manticore
  7686 | D:8      | Killed a manticore
  7687 | D:8      | Reached skill level 1 in Evocations
  7759 | D:8      | Found a radiant altar of Vehumet.
  7839 | D:8      | Reached XP level 10. HP: 67/88 MP: 10/10
  8040 | D:8      | Found a runed translucent door.
  8124 | D:8      | Noticed VAZYLA's ghost (novice SpBr)
  8127 | D:8      | Identified the +1 spear "Negunud" {holy, rElec rCorr}
  9403 | D:9      | Found a staircase to the Orcish Mines.
  9816 | D:9      | Found a white marble altar of Elyvilon.
  9817 | D:9      | Found an ornate altar of the Wu Jian Council.
  9926 | D:9      | Reached skill level 11 in Unarmed Combat
 10391 | D:10     | Entered Level 10 of the Dungeon
 10397 | D:10     | Found a staircase to the Lair.
 10421 | D:10     | Noticed Sonja
 10422 | D:10     | Sonja changed into Sonja the spriggan
 10422 | D:10     | Noticed Sonja
 10428 | D:10     | Killed Sonja the spriggan
 10624 | D:10     | Reached skill level 5 in Evocations
 10805 | D:10     | Noticed a cyclops
 10816 | D:10     | Killed a cyclops
 10817 | D:10     | Reached XP level 11. HP: 36/97 MP: 11/11
 11499 | D:10     | Found a shimmering altar of Xom.
 11500 | D:10     | Found a shimmering altar of Xom.
 11500 | D:10     | Found a shimmering altar of Xom.
 11500 | D:10     | Found a shimmering altar of Xom.
 11502 | D:10     | Found a shimmering altar of Xom.
 11514 | D:10     | Found a shimmering altar of Xom.
 11918 | D:11     | Reached skill level 10 in Fighting
 11965 | Lair:1   | Entered Level 1 of the Lair of Beasts
 12177 | Lair:1   | Reached skill level 12 in Unarmed Combat
 13012 | Lair:1   | Reached XP level 12. HP: 110/110 MP: 12/12
 14679 | Lair:2   | Found a staircase to the Snake Pit.
 14706 | Lair:2   | Reached skill level 13 in Unarmed Combat
 14794 | Lair:2   | Noticed an alligator
 14801 | Lair:2   | Killed an alligator
 14819 | Lair:2   | Found a staircase to the Swamp.
 15589 | Lair:3   | Reached skill level 5 in Dodging
 15783 | Lair:3   | Noticed Gastronok
 15806 | Lair:3   | Killed Gastronok
 16024 | Lair:3   | Noticed Urug
 16103 | Lair:3   | Noticed Fannar
 16115 | Lair:3   | Killed Fannar
 16116 | Lair:3   | Reached XP level 13. HP: 84/119 MP: 13/13
 16363 | Lair:3   | Killed Urug
 16707 | Lair:3   | Found an ancient bone altar of Kikubaaqudgha.
 17178 | Lair:4   | Noticed Rupert
 17203 | Lair:4   | Slain by Rupert

Illustrated notes

Levels and vault maps discovered:
D:1:      saegor_arrival_simple_e, layout_rooms, serial_shops,
          nicolae_shop_back_alley_shop
D:2:      layout_basic
D:3:      layout_basic, minmay_increasing_density
D:4:      layout_layer_cave, serial_shops, shop
D:5:      layout_cave_pools, grunt_temple_overflow_opulence, marbit_many_paths,
          mainiacjoe_overflow_surrounded_room, nicolae_sif_muna_condensation,
          nicolae_figureground_pulse, uniq_grinder
D:6:      layout_loops_ring, tgw_fedhas, kennysheep_cross_room
D:7:      layout_cave_pools, mainiacjoe_overflow_concentric_impassable,
          minmay_temple_entry_junction, uniq_duvessa
D:8:      layout_basic, lemuel_tele_altar, ebering_ghost_funeral_grove,
          nicolae_shop_i_like_small_books_too
D:9:      layout_gridville, nicolae_overflow_squiral, hiddenorc1_lemuel
D:10:     layout_long_grid, xom_redecorated, lair_entry_dummy, uniq_sonja
D:11:     layout_basic, kennysheep_generic_room_15, uniq_psyche
Temple:   grunt_temple_mini_profane
Lair:1:   beast_lair_carwin_large_4, layout_layer_cave, serial_bayou_pond_b
Lair:2:   layout_roguey, mainiacjoe_swamp_entry_lozenge_pond,
          minmay_snake_entry_six_corridors, beast_lair_carwin_3,
          lemuel_fruit_tree, serial_bayou_shore_b
Lair:3:   layout_cave_pods, basic_altar, grunt_megastairs_1,
          serial_bayou_shore_b, uniq_urug, uniq_fannar, uniq_gastronok
Lair:4:   layout_gridlike, minmay_slime_entry_pillars, pond, uniq_rupert

Skill      XL: |  1  2  3  4  5  6  7  8  9 10 11 12 13 |
---------------+----------------------------------------+-----
Fighting       | 2 3 4 5 6 8 9 11 12 | 12.7
Unarmed Combat | 4 5 6 7 9 10 11 12 13 | 13.7
Shapeshifting  | 4 5 7 8 |  8.6
Evocations     | 2 5 7 9 |  9.5
Dodging        | 3 5 6 |  6.2

Action                     |  1- 3 |  4- 6 |  7- 9 | 10-12 | 13-15 || total
---------------------------+-------+-------+-------+-------+-------++-------
  Melee: Unarmed           |   105 |   116 |   371 |   747 |    92 ||  1431
         Tailslap          |    10 |    16 |    59 |   154 |    20 ||   259
         Punch             |     1 |     5 |    25 |    17 |       ||    48
 Invoke: Potion Petition   |       |       |       |       |     1 ||     1
  Evoke: Wand              |       |       |       |     1 |     1 ||     2
    Use: Scroll            |       |    10 |     2 |     5 |     1 ||    18
         Potion            |       |       |     2 |       |       ||     2
   Stab: Sleeping          |       |     2 |       |     1 |       ||     3
         Distracted        |       |       |     1 |     4 |       ||     5
 Armour: Skin              |    44 |    51 |   240 |   404 |    31 ||   770
  Dodge: Dodged            |    53 |    61 |   165 |   390 |    37 ||   706
  Block: Other             |    13 |    12 |    62 |   133 |    14 ||   234
         Reflection        |       |     3 |     5 |     1 |       ||     9
   Form: Flux              |       |       |       |     2 |       ||     2
         Serpent           |       |       |       |     1 |       ||     1
